 Dungeon Crawl Stone Soup version 0.27-a0-1202-ge72e49191c (webtiles) character file.

Game seed: 7349014228170076441

480 Belboz the Chucker (level 6, 0/57 HPs)
             Began as a Troll Hunter on June 4, 2021.
             Slain by an unseen horror (9 damage)
             ... on level 5 of the Dungeon.
             The game lasted 00:08:47 (3846 turns).

Belboz the Chucker (Troll Hunter)                   Turns: 3846, Time: 00:08:48

Health: 0/57       AC:  5    Str: 21    XL:     6   Next: 86%
Magic:  5/5        EV: 10    Int:  7    God:
Gold:   314        SH:  0    Dex: 12    Spells: 5/5 levels left

rFire    . . .     SeeInvis .     - Unarmed
rCold    . . .     Faith    .   (no shield)
rNeg     . . .     Spirit   .   b - +1 robe
rPois    .         Reflect  .   (helmet restricted)
rElec    .         Harm     .   (no cloak)
rCorr    .         Rampage  .   (gloves unavailable)
Will     .....                  (boots unavailable)
Stlth    ++........             (no amulet)
HPRegen  1.19/turn              (no ring)
MPRegen  0.09/turn              (no ring)

@: no status effects
A: large, unfitting armour, claws 3, regeneration 1, shaggy fur 1, tough skin 1
a: no special abilities


You were on level 5 of the Dungeon.
You visited 1 branch of the dungeon, and saw 5 of its levels.
You also visited: Ossuary.

You collected 404 gold pieces.
You spent 90 gold pieces at shops.

Inventory:

Hand Weapons
 w - a +1 short sword of electrocution
Missiles
 c - 5 large rocks (quivered)
 d - 2 throwing nets
 t - 140 stones
 x - 5 poisoned darts
 y - 4 silver javelins
Armour
 b - a +1 robe (worn)
Jewellery
 f - a ring of protection from cold
 l - a ring of ice
Scrolls
 a - 2 scrolls of noise
 g - 2 scrolls of teleportation
 i - 5 scrolls of magic mapping
Potions
 e - 2 potions of ambrosia {unknown}
 h - 5 potions of curing {unknown}
 j - 3 potions of mutation
 k - 4 potions of heal wounds {unknown}
 m - a potion of flight {unknown}
 n - a potion of might {unknown}
 o - 4 potions of magic {unknown}
 q - 3 potions of attraction
 u - 2 potions of cancellation {unknown}
 v - a potion of brilliance {unknown}


   Skills:
 - Level 2.0 Fighting
 * Level 5.5 Throwing
 - Level 1.5 Dodging
 - Level 1.7 Stealth
 * Level 4.3 Unarmed Combat


You had 5 spell levels left.
You didn't know any spells.
Your spell library was empty.

Dungeon Overview and Level Annotations

Branches:
Dungeon (5/15)            Ossuary (visited)
 Temple: D:4-7

Altars:
Fedhas

Shops:
D:2 :   D:3 !


Innate Abilities, Weirdness & Mutations

You are too large for most types of armour.
You have claws for hands.
Your natural rate of healing is unusually fast.
You are covered in fur. (AC +1)
You have tough skin. (AC +1)


Message History

Found a stone staircase leading up.
You hear the slow rusting of a very distant drain.
Something hits you but does no damage. Something hits you.
A jelly comes into view.
Something hits you!
Found a scroll labelled BULESECZ VORE.
Something hits you.
Found a manual of Throwing.
The jelly quivers.
You scratch the jelly.
Your claws burn!
The jelly is moderately wounded.
The jelly hits you.
You are splashed with acid!
You claw the jelly!
You kill the jelly!
A quokka comes into view.
Something hits you. x2
You closely miss something. Something hits you.
Something hits you but does no damage.
You closely miss something. Something hits you!
You swing at nothing.
Something hits you but does no damage. Something hits you.
You barely miss something. Something hits you but does no damage.
The quokka barely misses you. Something hits you.
You scratch the quokka.
The quokka is moderately wounded.
Something hits you but does no damage. The quokka closely misses you.
You claw the quokka!
You kill the quokka!
Something hits you.
You claw something! Something hits you but does no damage.
You completely miss something. Something hits you!
* * * LOW HITPOINT WARNING * * *
You closely miss something. Something hits you but does no damage.
You barely miss something. Something hits you.
* * * LOW HITPOINT WARNING * * *
Something hits you.
* * * LOW HITPOINT WARNING * * *
You claw something! Something hits you!
You die...

... .... ...? ..... ...
...... ... <....)##.#
.........#
.........#######.##...#
.............@†.:..##.#
..>......#######.##...#
.........##....###....#
........)#....#.#.#...
................#... .
..................###...
........†...####<.......
.##....##.#............#
###.# ###...##......##


There were no monsters in sight!

Vanquished Creatures
  2 jellies
  A hound (D:5)
  Jessica (D:3)
  2 orc wizards (D:3)
  Natasha (thrice) (D:3)
  2 hound skeletons (D:4)
  8 mummies (Ossuary)
  An adder (D:3)
  A worm (D:3)
  2 dart slugs
  4 orcs
  9 endoplasms
  4 hobgoblins
  14 jackals
  11 kobolds
  2 quokkas
  7 ball pythons
  5 bats
  2 frilled lizards
  2 gnoll zombies (Ossuary)
  6 goblins
  A hobgoblin zombie (Ossuary)
  2 kobold zombies (Ossuary)
  3 orc zombies (Ossuary)
  7 rats
102 creatures vanquished.

Vanquished Creatures (others)
  13 fungi (D:4)
13 creatures vanquished.

Grand Total: 115 creatures vanquished

Notes
Turn   | Place    | Note
-------+----------+-------------------------------------------
     0 | D:1      | Belboz the Troll Hunter began the quest for the Orb.
     0 | D:1      | Reached XP level 1. HP: 19/19 MP: 0/0
    95 | D:1      | Reached XP level 2. HP: 28/28 MP: 1/1
   244 | D:1      | Reached skill level 1 in Unarmed Combat
   348 | D:1      | Found a faded altar of an unknown god.
   918 | D:1      | Reached XP level 3. HP: 32/35 MP: 2/2
  1201 | D:2      | Reached skill level 4 in Throwing
  1287 | D:2      | Found Luw Unanurr's Book Emporium.
  1674 | D:3      | Reached skill level 1 in Stealth
  1975 | D:3      | Noticed Natasha
  1989 | D:3      | Killed Natasha
  1990 | D:3      | Reached XP level 4. HP: 13/42 MP: 3/3
  2004 | D:3      | Noticed Natasha
  2014 | D:3      | Killed Natasha
  2071 | D:3      | Noticed Jessica
  2078 | D:3      | Killed Jessica
  2079 | D:3      | Reached XP level 5. HP: 46/49 MP: 4/4
  2525 | D:3      | Noticed Natasha
  2530 | D:3      | Killed Natasha
  2576 | D:3      | Found Gurchoroj's Distillery.
  2580 | D:3      | Bought a potion of degeneration for 10 gold pieces
  2581 | D:3      | Bought a potion of mutation for 80 gold pieces
  2750 | D:4      | Found a blossoming altar of Fedhas.
  2756 | D:4      | Reached skill level 5 in Throwing
  2756 | D:4      | Reached XP level 6. HP: 51/57 MP: 5/5
  2800 | D:4      | Found a sand-covered staircase.
  2804 | Ossuary  | Entered an ossuary
  3777 | D:5      | Entered Level 5 of the Dungeon
  3846 | D:5      | Slain by an unseen horror

Illustrated notes

Levels and vault maps discovered:
D:1:      minmay_arrival_floating_metal, layout_basic,
          shapermc_ecumenical_altar_mp_vishouse
D:2:      layout_rooms, serial_shops, shop_fountains
D:3:      layout_basic, serial_shops, nicolae_shop_crystal, bh_walls_and_bars,
          uniq_natasha, uniq_jessica
D:4:      layout_rooms, general_overflow_altar, serial_aquarium,
          aquarium_bridge_island_small [aquarium_subvault_small_open,
          aquarium_subvault_bridge, aquarium_subvault_wall,
          aquarium_subvault_balcony, aquarium_subvault_bridge],
          aquarium_bridge_square [aquarium_subvault_wall,
          aquarium_subvault_balcony, aquarium_subvault_bridge,
          aquarium_subvault_window], aquarium_window_fake,
          aquarium_window_corridor_1, aquarium_window_fake, aquarium_view_2d,
          aquarium_balcony_3b, aquarium_pool_2, enter_ossuary_5
D:5:      layout_cave_pools, jmf_multi_god_temple2,
          cheibrodos_sewer_entry_sluice, minmay_manual_monstrance

Skill      XL: |  1  2  3  4  5  6 |
---------------+-------------------+-----
Unarmed Combat | 1 2 3 4 |  4.3
Throwing       | 4 5 |  5.5
Fighting       | 2 |  2.0
Stealth        | 1 |  1.7
Dodging        | |  1.5

Action                   |  1- 3 |  4- 6 || total
-------------------------+-------+-------++-------
Melee: Unarmed           |   148 |   167 ||   315
Throw: Stone             |       |     4 ||     4
       Large rock        |       |     5 ||     5
  Use: Scroll            |       |     8 ||     8
 Stab: Sleeping          |       |     1 ||     1
Armor: Robe              |    57 |    58 ||   115
Dodge: Dodged            |    52 |    95 ||   147

Table legend: (Time is in decaauts)
 A = Elapsed time spent in this place.
 B = Non-inter-level travel time spent in this place.
 C = Inter-level travel time spent in this place.
 D = Time resting spent in this place.
 E = Time spent auto-exploring this place.
 F = Levels seen in this place.
 G = Mean time per level.
                   A        B        C        D        E       F      G
               +--------+--------+--------+--------+--------+-----+--------+
         Total |   3861 |   3547 |    314 |    190 |   2492 |   6 |  643.5 |
       Dungeon |   3600 |   3286 |    314 |    164 |   2411 |   5 |  720.0 |
       Ossuary |    261 |    261 |      0 |     26 |     81 |   1 |  261.0 |
               +--------+--------+--------+--------+--------+-----+--------+

Top non-repeatable levels by time:
     D:1: 1154 daAuts
     D:3: 1130 daAuts
     D:4: 796 daAuts
     D:2: 452 daAuts
 Ossuary: 261 daAuts
     D:5: 67 daAuts
